 Dungeon Crawl Stone Soup version 0.17.2 (webtiles) character file.

97 Dungeonaut the Poker (level 4, 0/33 HPs)
             Began as a Merfolk Gladiator on May 9, 2016.
             Was a Follower of Trog.
             Succumbed to an adder's poison
             ... on level 3 of the Dungeon.
             The game lasted 00:03:49 (1667 turns).

Dungeonaut the Poker (Merfolk Gladiator)            Turns: 1667, Time: 00:03:49

Health: 0/33       AC:  4    Str: 15    XL:     4   Next: 68%
Magic:  4/4        EV: 19    Int: 12    God:    Trog [*.....]
Gold:   100        SH:  0    Dex: 20    Spells: 0 memorised, 3 levels left

rFire  . . .     SeeInvis .     a - +0 trident
rCold  . . .     Clarity  .     b - +0 leather armour
rNeg   . . .     SustAt   .     (no shield)
rPois  .         Gourm    .     c - +0 helmet
rElec  .         Spirit   .     (no cloak)
rCorr  .         Warding  .     (no gloves)
rMut   .         Stasis   .     (no boots)
MR     .....                    (no amulet)
Stlth  +++.......               (no ring)
                                (no ring)

@: brilliant, agile, lethally poisoned (0 -> -4), flying, not resistant to
hostile enchantments, fairly stealthy
A: change form in water, swift swim
a: Berserk, Burn Spellbooks, Renounce Religion


You were on level 3 of the Dungeon.
You worshipped Trog.
Trog was aware of your devotion.
You were not hungry.

You visited 1 branch of the dungeon, and saw 3 of its levels.

You collected 100 gold pieces.

Inventory:

Hand Weapons
 a - a +0 trident (weapon)
Missiles
 d - 3 throwing nets (quivered)
Armour
 b - a +0 leather armour (worn)
 c - a +0 helmet (worn)
Scrolls
 e - a scroll of amnesia {unknown}
 f - 3 scrolls of identify {unknown}
 j - a scroll of remove curse {unknown}
 l - 2 scrolls of recharging {unknown}
 m - a scroll of noise {unknown}
 q - a scroll of teleportation {unknown}
Potions
 h - a potion of invisibility {unknown}
 o - a potion of beneficial mutation {unknown}
 p - a potion of lignification {unknown}
Comestibles
 k - a meat ration


   Skills:
 - Level 2.1 Fighting
 + Level 7.6 Polearms
 - Level 2.0 Throwing
 - Level 4.1 Dodging


You had 3 spell levels left.
You didn't know any spells.

Dungeon Overview and Level Annotations

Branches:
Dungeon (3/15)

Altars:
Nemelex Xobeh
Trog


Message History

The adder completely misses you.
You miss the adder. The orc hits you but does no damage.
The adder closely misses you.
Drink which item? (? for menu, Esc to quit)
It was a potion of brilliance.
You feel clever all of a sudden. The adder bites you but does no damage.
The orc hits you but does no damage.
Drink which item? (? for menu, Esc to quit)
It was a potion of flight.
You feel very buoyant.
You fly up into the air.
The adder bites you.
* * * LOW HITPOINT WARNING * * *
You are lethally poisoned!
The adder poisons you! The orc barely misses you. The adder misses you.
Drink which item? (? for menu, Esc to quit)
Okay, then.
Drink which item? (? for menu, Esc to quit)
It was a potion of agility.
You feel agile all of a sudden.
You die...

#.#.## # #... #
#### #.# # # ##.##
#.#### #.##
###...## #.....
.)#
#.#.....########
#S#o##..>...# #@#
#.#.##.#######
#.###.....†.......
#.......##.#######
#####.#.##.#
#.#.##.# #......#
###.#### #.# #.#


You could see an adder and an orc.

Vanquished Creatures
  Ijyb (D:2)
  2 adders (D:2)
  An ooze (D:2)
  A worm (D:2)
  3 giant geckos
  4 orcs (D:3)
  6 bats
  6 hobgoblins
  4 jackals (D:1)
  2 giant newts
  4 goblins
  3 kobolds (D:1)
  A quokka (D:2)
  5 rats
43 creatures vanquished.

Notes
Turn   | Place    | Note
--------------------------------------------------------------
     0 | D:1      | Dungeonaut the Merfolk Gladiator began the quest for the Orb.
     0 | D:1      | Reached XP level 1. HP: 16/16 MP: 1/1
   386 | D:1      | Reached skill level 5 in Polearms
   386 | D:1      | Reached XP level 2. HP: 22/22 MP: 2/2
   931 | D:2      | Reached XP level 3. HP: 27/27 MP: 3/3
   987 | D:2      | Reached skill level 6 in Polearms
  1089 | D:2      | Found a faded altar to an unknown god.
  1092 | D:2      | Found a sparkling altar of Nemelex Xobeh.
  1113 | D:2      | Became a worshipper of Trog the Wrathful
  1113 | D:2      | Reached * piety under Trog
  1113 | D:2      | Noticed Ijyb
  1128 | D:2      | Killed Ijyb
  1128 | D:2      | Reached XP level 4. HP: 22/33 MP: 4/4
  1176 | D:2      | Reached skill level 7 in Polearms
  1666 | D:3      | HP: 1/33 [adder (2)]
  1667 | D:3      | Succumbed to an adder's poison

Action                   |  1- 3 |  4- 6 || total
-------------------------+-------+-------++-------
Melee: Trident           |    95 |    62 ||   157
  Use: Potion            |       |     3 ||     3
 Stab: Sleeping          |     1 |     1 ||     2
  Eat: Chunk             |     1 |       ||     1
       Bread ration      |       |     1 ||     1
